 Dungeon Crawl Stone Soup version 0.31.0-11-ge490571c62 (webtiles) character file.

Game seed: 4864334968103303395

165 Ashen the Insei (level 5, -4/35 HPs)
             Began as an Octopode Shapeshifter on Feb 1, 2024.
             Slain by Pikel
             ... wielding a +0 whip of electrocution
              (6 damage)
             ... on level 3 of the Dungeon.
             The game lasted 00:03:13 (1825 turns).

Ashen the Insei (Octopode Shapeshifter)             Turns: 1825, Time: 00:03:14

Health: -4/35      AC:  1    Str: 19    XL:     5   Next: 46%
Magic:  5/5        EV: 14    Int: 12    God:
Gold:   154        SH:  0    Dex: 14    Spells: 4/4 levels left

rFire   . .          .
                       - Unarmed
rCold   . . .        (no shield)
rNeg    . . .        (helmet currently unavailable)
rPois   .            (no amulet)
rElec   .            g - +6 ring of strength
rCorr   .            (no ring)
SInv    .            (no ring)
Will    .....        (no ring)
Stlth   ++           (no ring)
HPRegen 0.25/turn    (no ring)
MPRegen 0.09/turn    (no ring)
                     (no ring)

%: no passive effects
@: beast-form
A: beast (slay +2), almost no armour, amphibious, 8 rings, camouflage 1,
gelatinous body 1, (nimble swimmer 1), tentacles
a: Begin Untransformation


You were on level 3 of the Dungeon.
You were a hulking beast.
You visited 1 branch of the dungeon, and saw 4 of its levels.

You collected 154 gold pieces.

Inventory:

Missiles
 l - 2 throwing nets (quivered)
Armour
 o - a +0 hat
Jewellery
 g - a +6 ring of strength (left tentacle)
Talismans
 b - a beast talisman
 c - a flux talisman
Wands
 n - a wand of flame (28)
Scrolls
 e - 6 scrolls of identify {unknown}
 f - a scroll of teleportation {unknown}
 i - a scroll of enchant armour {unknown}
 q - a scroll of immolation {unknown}
Potions
 a - a potion of lignification
 d - 2 potions of curing {unknown}
 h - a potion of resistance {unknown}
 j - 3 potions of heal wounds {unknown}
 k - a potion of attraction {unknown}
 m - a potion of invisibility {unknown}
 p - a potion of brilliance {unknown}


   Skills:
 + Level 2.6 Fighting
 + Level 3.2 Dodging
 + Level 3.9 Unarmed Combat
 + Level 3.7 Shapeshifting


You had 4 spell levels left.
You didn't know any spells.
Your spell library was empty.

Dungeon Overview and Level Annotations

Branches:
Dungeon (4/15)
 Temple: D:4-7

Altars:

Shops:
D:4 *

Annotations:
D:3 Pikel


Innate Abilities, Weirdness & Mutations

You are a hulking beast.
Your limbs bulge with bestial killing power. (Slay +2)
You cannot wear most types of armour.
You are amphibious.
You can wear up to eight rings at the same time.
Your skin changes colour to match your surroundings (Stealth+).
Your rubbery body absorbs attacks. (AC +1, EV +1)
((You are camouflaged when in or above water. (Stealth+)))
You have tentacles for arms and can constrict up to eight enemies at once.


Message History

There is a stone staircase leading up here.
An adder comes into view.
The helpless adder fails to defend itself.
You tentacle-slap the adder. You grab the adder.
The adder is moderately wounded.
You constrict the adder. The adder closely misses you.
You tentacle-slap the adder but do no damage.
You squeeze the adder!
You kill the adder!
You see here an adder corpse.
Found a scroll labelled ROATAL POLUMO.
Found Qusesula's Overcharged Wands.
The lemure shouts!
You hear a shout!
You hear a bark!
A hobgoblin comes into view.
A lemure comes into view.
You see here an adder corpse.
A lemure comes into view. x2
Pikel shouts!
The lemure shouts!
You hear a shout!
You hear an angry hiss.
A bombardier beetle comes into view.
There is a stone staircase leading up here.
Pikel closely misses you.
You climb upwards.
There is a stone staircase leading down here.
You tentacle-slap Pikel. You grab Pikel.
Pikel is lightly wounded.
You constrict Pikel.
Pikel hits you with a +0 whip of electrocution.
You tentacle-slap Pikel.
Pikel is moderately wounded.
You constrict Pikel, but do no damage.
Pikel hits you with a +0 whip of electrocution!
You are electrocuted!!
Ouch! That really hurt!
* * * LOW HITPOINT WARNING * * *
You tentacle-slap Pikel. You squeeze Pikel!
Pikel is severely wounded.
You constrict Pikel, but do no damage.
Pikel hits you with a +0 whip of electrocution.
You die...
Pikel says, "Another soul for the market."

.............#.########..#
.........)...#.# ###..#####
## #######.#....#.##
#........# #. #.#.......#
#........###. #.#.....#.#
#........##.. ##.......#.##
#...........#
##...######..#########....###
#...## ##...........####
#...# #hK........## #####
#..........# ############


You could see Pikel.

Vanquished Creatures
  Ijyb (D:3)
  4 gnolls
  5 adders
  3 dart slugs
  A ribbon worm (D:3)
  5 bats
  2 endoplasms
  3 giant cockroaches
  8 goblins
  4 hobgoblins
  3 kobolds
  2 quokkas (D:2)
  6 ball pythons
  A frilled lizard (D:2)
  6 rats
54 creatures vanquished.

Notes
Turn   | Place    | Note
-------+----------+-------------------------------------------
     0 | D:1      | Ashen the Octopode Shapeshifter began the quest for the
                  | Orb.
     0 | D:1      | Reached XP level 1. HP: 13/13 MP: 1/1
    74 | D:1      | Reached XP level 2. HP: 18/18 MP: 2/2
   166 | D:1      | Reached XP level 3. HP: 23/23 MP: 3/3
   873 | D:2      | Reached XP level 4. HP: 29/29 MP: 4/4
  1196 | D:3      | Noticed Ijyb
  1205 | D:3      | Killed Ijyb
  1308 | D:3      | Reached XP level 5. HP: 35/35 MP: 5/5
  1793 | D:4      | Noticed Pikel
  1793 | D:4      | Noticed a lemure
  1808 | D:4      | Found Qusesula's Overcharged Wands.
  1809 | D:4      | Noticed a lemure
  1818 | D:4      | Noticed a lemure
  1818 | D:4      | Noticed a lemure
  1825 | D:3      | Slain by Pikel

Illustrated notes

Levels and vault maps discovered:
D:1:      eino_arrival_water_star, layout_loops_cross
D:2:      layout_basic
D:3:      layout_rooms, uniq_ijyb
D:4:      layout_basic, chequers_temple_overflow_statue_of_worship,
          chequers_serial_rivers_large_b, nicolae_shop_overcharged_wands,
          uniq_sigmund, uniq_blork_the_orc, uniq_pikel

Skill      XL: |  1  2  3  4 |
---------------+-------------+-----
Fighting       | 2 |  2.6
Dodging        | 3 |  3.2
Unarmed Combat | |  3.9
Shapeshifting  | |  3.7

Action                     |  1- 3 |  4- 6 || total
---------------------------+-------+-------++-------
  Melee: Unarmed           |    53 |    44 ||    97
         Tentacles         |    11 |    11 ||    22
         Constrict         |    13 |    17 ||    30
         Punch             |     2 |       ||     2
  Throw: Throwing net      |       |     3 ||     3
   Stab: Sleeping          |     6 |     2 ||     8
 Armour: Skin              |    13 |    19 ||    32
  Dodge: Dodged            |    32 |    30 ||    62
